 Dungeon Crawl Stone Soup version 0.29.1-13-g9f3cf754e1 (webtiles) character file.

Game seed: 4323318063550500020

14 croobank the Sneak (level 2, -2/21 HPs)
             Began as an Octopode Delver on Feb 11, 2023.
             Slain by a goblin
             ... wielding a +0 dagger of speed
              (4 damage)
             ... on level 3 of the Dungeon.
             The game lasted 00:02:35 (561 turns).

croobank the Sneak (Octopode Delver)                 Turns: 561, Time: 00:02:36

Health: -2/21      AC:  1    Str: 11    XL:     2   Next: 45%
Magic:  2/2        EV: 13    Int: 12    God:
Gold:   25         SH:  0    Dex: 13    Spells: 1/1 levels left

rFire   . . .      SeeInvis .   a - +0 hand axe
rCold   . . .      Faith    .   (no shield)
rNeg    . . .      Spirit   .   (helmet restricted)
rPois   .          Reflect  .   d - amulet of the acrobat
rElec   .          Harm     .   (no ring)
rCorr   .          Rampage  .   (no ring)
Will    .....                   (no ring)
Stlth   ++++......              (no ring)
HPRegen 0.07/turn               (no ring)
MPRegen 0.08/turn               (no ring)
                                (no ring)
                                (no ring)

@: hasted, very quick
A: almost no armour, amphibious, 8 rings, camouflage 1, gelatinous body 1,
(nimble swimmer 1), tentacles
a: no special abilities


You were on level 3 of the Dungeon.
You visited 1 branch of the dungeon, and saw 5 of its levels.

You collected 25 gold pieces.

Inventory:

Hand Weapons
 a - a +0 hand axe (weapon)
 h - a +0 short sword
 i - a +0 dagger
Jewellery
 d - an amulet of the acrobat (around mantle)
Wands
 f - a wand of digging (3)
Scrolls
 b - a scroll of fog
 c - a scroll of magic mapping
 g - a scroll of torment {unknown}
 j - a scroll of identify {unknown}


   Skills:
 + Level 3.2 Fighting
 + Level 2.2 Axes
 + Level 2.2 Dodging
 + Level 6.8 Stealth


You had one spell level left.
You didn't know any spells.
Your spell library was empty.

Dungeon Overview and Level Annotations

Branches:
Dungeon (7/15)             Temple (0/1) D:5

Altars:


Innate Abilities, Weirdness & Mutations

You cannot wear most types of armour.
You are amphibious.
You can wear up to eight rings at the same time.
Your skin changes colour to match your surroundings (Stealth+).
Your rubbery body absorbs attacks. (AC +1, EV +1)
((You are camouflaged when in or above water. (Stealth+)))
You have tentacles for arms and can constrict up to eight enemies at once.


Message History

j - a scroll labelled BEUMIT BERYG You open the door.
There is an open door here.
You open the door.
There is an open door here.
Found a shortbow.
Found a stone staircase leading down.
You see here a +0 shortbow.
There is a stone staircase leading down here.
A rat comes into view.
Found a robe.
Found a stone staircase leading up.
A hound and a goblin come into view.
The goblin is wielding a +0 dagger of speed.
You hit the rat.
You kill the rat!
You see here a rat corpse.
The goblin shouts!
The hound barks!
You see here a +0 robe.
The goblin completely misses you. x2
The goblin attacks as you move away! The goblin misses you.
The hound bites you.
There is a stone staircase leading up here.
Okay, then.
You hit the hound. Your grab misses the hound.
The hound is moderately wounded.
You barely miss the goblin. The hound bites you.
The goblin hits you with a +0 dagger of speed.
The hound barely misses you.
You closely miss the hound. You grab the hound. You squeeze the hound.
The hound is heavily wounded.
You hit the goblin.
You constrict the hound, but do no damage.
The goblin hits you with a +0 dagger of speed.
The hound bites you.
The goblin hits you with a +0 dagger of speed.
* * * LOW HITPOINT WARNING * * *
You feel yourself speed up.
You constrict the hound. The hound bites you.
* * * LOW HITPOINT WARNING * * *
The goblin hits you with a +0 dagger of speed.
You die...

##### ##...## ##..⌠..##
##.......# ##..⌠.....#
##....[h@..##########
#.†..⌠.g...#........#
#.##.......########.#
#.###..⌠..#########.#
##.####...##......##.#
#...#############.##.#
+........>....#.#.##.#
#...#####.##....#.##.#
#######.....##..#.#.##.#


You could see a hound and a goblin.

Vanquished Creatures
  3 dart slugs
  A giant cockroach (D:4)
  A goblin (D:3)
  2 hobgoblins (D:4)
  A rat (D:3)
8 creatures vanquished.

Vanquished Creatures (others)
  A plant (D:3)
1 creature vanquished.

Grand Total: 9 creatures vanquished

Notes
Turn   | Place    | Note
-------+----------+-------------------------------------------
     0 | D:5      | croobank the Octopode Delver began the quest for the Orb.
     0 | D:5      | Reached XP level 1. HP: 16/16 MP: 1/1
     2 | D:6      | Noticed a necrophage
    60 | D:6      | Noticed a black bear
    60 | D:6      | Noticed a gnoll sergeant
    77 | D:5      | Found a staircase to the Ecumenical Temple.
    90 | D:5      | Noticed a hound
   206 | D:4      | Reached XP level 2. HP: 21/21 MP: 2/2
   224 | D:5      | Noticed a scorpion
   561 | D:3      | Slain by a goblin

Illustrated notes

Levels and vault maps discovered:
D:3:      layout_basic, mainiacjoe_overflow_chevrons, serial_shops,
          nicolae_shop_bloodbath_and_beyond, dreamdust_ecumenical_altar_statues,
          grunt_ministairs_9
D:4:      minmay_diamond_boxcup, layout_loops_ring,
          mainiacjoe_overflow_cross_hatched, lemuel_mausoleum_altar_yredelemnul
D:5:      layout_rooms, minmay_temple_entry_hall, minivault_5,
          minmay_misc_feat_plants, uniq_sigmund
D:6:      kennysheep_six_static_rooms, layout_loops_ring, tgw_trog
D:7:      layout_rooms, enter_bailey_8, ebering_ghost_disaster_area

Action                   || total
-------------------------++-------
Melee: Hand axe          ||    16
       Constrict         ||     6
       Tentacles         ||     3
       Punch             ||     1
  Use: Scroll            ||     1
       Potion            ||     1
 Stab: Sleeping          ||     5
Armor: Skin              ||     1
Dodge: Dodged            ||     9
